 Dungeon Crawl Stone Soup version 0.30.0-17-ge0270778cf (webtiles) character file.

Game seed: 2090316917183149807

111 croobank the Digger (level 4, -3/32 HPs)
             Began as a Gnoll Earth Elementalist on May 21, 2023.
             Killed by divine providence
             ... invoked by an orc priest
              (14 damage)
             ... on level 3 of the Dungeon.
             The game lasted 00:06:29 (2091 turns).

croobank the Digger (Gnoll Earth Elementalist)      Turns: 2091, Time: 00:06:30

Health: -3/32      AC:  3    Str:  7    XL:     4   Next: 92%
Magic:  7/11       EV: 13    Int: 17    God:
Gold:   85         SH:  0    Dex: 12    Spells: 12/13 levels left

rFire   + . .        e - +0 rapier
rCold   . . .        (no shield)
rNeg    . . .        a - +0 robe
rPois   .            x - +0 helmet
rElec   .            (no cloak)
rCorr   .            (no gloves)
SInv    .            (no boots)
Will    .....        u - amulet of the acrobat
Stlth   +++          d - ring of protection from fire
HPRegen 0.25/turn    s - ring of flight
MPRegen 0.12/turn

%: acrobat
@: flying
A: fangs 1, strong nose, distributed training
a: no special abilities


You were on level 3 of the Dungeon.
You visited 1 branch of the dungeon, and saw 3 of its levels.

You collected 85 gold pieces.

Inventory:

Hand Weapons
 e - a +0 rapier (weapon)
 h - a +0 short sword
 m - a +0 dagger
 w - a +2 dagger of draining
 y - a +0 sling
Missiles
 B - 10 poisoned darts
Armour
 a - a +0 robe (worn)
 x - a +0 helmet (worn)
Magical Staves
 o - a staff of poison
Jewellery
 d - a ring of protection from fire (left hand)
 i - a ring of positive energy
 s - a ring of flight (right hand)
 t - a ring of protection from fire
 u - an amulet of the acrobat (around neck)
Scrolls
 c - 2 scrolls of magic mapping {unknown}
 f - a scroll of poison {unknown}
 j - a scroll of immolation {unknown}
 k - a scroll of summoning {unknown}
 l - 2 scrolls of enchant weapon {unknown}
 n - 2 scrolls of teleportation {unknown}
 q - a scroll of enchant armour {unknown}
 r - 2 scrolls of blinking {unknown}
 z - a scroll of identify {unknown}
 D - a scroll of noise {unknown}
 E - a scroll of fear {unknown}
Potions
 b - a potion of magic
 g - 4 potions of curing {unknown}
 p - a potion of heal wounds {unknown}
 v - 2 potions of might {unknown}
 A - a potion of lignification {unknown}
 C - a potion of invisibility {unknown}


   Skills:
 + Level 1.3 Fighting
 + Level 1.3 Short Blades
 + Level 1.3 Long Blades
 + Level 1.3 Axes
 + Level 1.3 Maces & Flails
 + Level 1.3 Polearms
 + Level 1.3 Staves
 + Level 1.3 Ranged Weapons
 + Level 1.3 Throwing
 + Level 1.3 Armour
 + Level 4.7 Dodging
 + Level 4.3 Stealth
 + Level 1.3 Shields
 + Level 1.3 Unarmed Combat
 + Level 5.1 Spellcasting
 + Level 1.1 Conjurations
 + Level 1.1 Hexes
 + Level 1.1 Summonings
 + Level 1.1 Necromancy
 + Level 1.1 Translocations
 + Level 2.3 Transmutations
 + Level 1.1 Fire Magic
 + Level 1.1 Ice Magic
 + Level 1.1 Air Magic
 + Level 5.5 Earth Magic
 + Level 1.1 Poison Magic
 + Level 1.5 Invocations
 + Level 1.3 Evocations


You had 12 spell levels left.
You knew the following spells:

 Your Spells              Type           Power      Damage    Failure   Level
a - Sandblast             Erth           46%        2d11      1%          1

Your spell library contained the following spells:

 Spells                   Type           Power      Damage    Failure   Level
 Passwall                 Tmut/Erth      14%        N/A       4%          2
 Stone Arrow              Conj/Erth      30%        3d8       11%         3
 Petrify                  Tmut/Erth      17%        N/A       28%         4


Dungeon Overview and Level Annotations

Branches:
Dungeon (3/15)

Altars:
Fedhas
Hepliaklqana

Shops:
D:3 [


Innate Abilities, Weirdness & Mutations

You have very sharp teeth.
Your uncanny sense of smell can sniff out nearby items.
Your experience applies equally to all skills.


Message History

Casting: Sandblast (safe; 1% risk of failure)
Confirm with . or Enter, or press ? or * to list all spells.
Aiming: Sandblast (safe; 1% risk of failure)
Press: ? - help, Shift-Dir - straight line, f/p - orc wizard
Aim: an orc wizard, wielding a +0 dagger and wearing a +0 robe (heavily wounded, 79% to hit)
The blast of sand hits the orc wizard!
You kill the orc wizard!
The orc shouts!
You hear a shout!
Casting: Sandblast (safe; 1% risk of failure)
Confirm with . or Enter, or press ? or * to list all spells.
Aiming: Sandblast (safe; 1% risk of failure)
Press: ? - help, Shift-Dir - straight line, f - orc
Aim: an orc, wielding a +0 short sword (83% to hit)
The blast of sand hits the orc!
You kill the orc!
An orc priest comes into view. It is wielding a +0 mace.
The orc priest calls down the wrath of Beogh upon you.
Beogh smites you!
The orc priest looks braver for a moment.
Casting: Sandblast (safe; 1% risk of failure)
Confirm with . or Enter, or press ? or * to list all spells.
Aiming: Sandblast (safe; 1% risk of failure)
Press: ? - help, Shift-Dir - straight line, f - orc
Aim: an orc, wielding a +0 mace (83% to hit)
The blast of sand hits the orc!
You kill the orc!
The orc priest shouts!
A quokka comes into view.
The orc priest invokes the aid of Beogh against you.
Pain shoots through your body!
The orc priest looks satisfied for a moment.
Casting: Sandblast (safe; 1% risk of failure)
Confirm with . or Enter, or press ? or * to list all spells.
Aiming: Sandblast (safe; 1% risk of failure)
Press: ? - help, Shift-Dir - straight line, f - orc priest
Aim: an orc priest, wielding a +0 mace and wearing a +0 scale mail (85% to hit)
The blast of sand hits the orc priest but does no damage.
The orc priest invokes the aid of Beogh against you.
Beogh smites you!
You die...

....
#..................##.#
....
....#..............)##.#
.....................#
.....###.............#
................##
................#
................#
.....$..........#
...###@^.......#
+....o.).......
######$o........
.).........># ∆
...r.........#
..r........#.#
...###.....#


You could see 2 orc priests.

Vanquished Creatures
  An orc wizard (D:3)
  3 adders
  A worm (D:2)
  2 orcs (D:3)
  4 ball pythons
  An endoplasm (D:1)
  6 goblins
  12 hobgoblins
  7 kobolds
  A quokka (D:1)
  6 bats
  3 frilled lizards
  4 rats
51 creatures vanquished.

Notes
Turn   | Place    | Note
-------+----------+-------------------------------------------
     0 | D:1      | croobank the Gnoll Earth Elementalist began the quest for
                  | the Orb.
     0 | D:1      | Reached XP level 1. HP: 13/13 MP: 6/6
   154 | D:1      | Reached XP level 2. HP: 19/19 MP: 4/7
   437 | D:1      | Reached skill level 5 in Spellcasting
   437 | D:1      | Reached XP level 3. HP: 25/25 MP: 2/9
  1053 | D:1      | Found a hazy altar of Hepliaklqana.
  1082 | D:2      | Reached skill level 1 in Invocations
  1166 | D:2      | Reached skill level 1 in Fighting
  1166 | D:2      | Reached skill level 1 in Short Blades
  1166 | D:2      | Reached skill level 1 in Long Blades
  1166 | D:2      | Reached skill level 1 in Axes
  1166 | D:2      | Reached skill level 1 in Maces & Flails
  1166 | D:2      | Reached skill level 1 in Polearms
  1166 | D:2      | Reached skill level 1 in Staves
  1166 | D:2      | Reached skill level 1 in Ranged Weapons
  1166 | D:2      | Reached skill level 1 in Throwing
  1166 | D:2      | Reached skill level 1 in Armour
  1166 | D:2      | Reached skill level 1 in Shields
  1166 | D:2      | Reached skill level 1 in Unarmed Combat
  1166 | D:2      | Reached skill level 1 in Evocations
  1170 | D:2      | Reached XP level 4. HP: 32/32 MP: 3/11
  1745 | D:3      | Found Ugoet's Weapon Emporium.
  1814 | D:3      | Found Xesak's Armour Boutique.
  1957 | D:3      | Reached skill level 1 in Conjurations
  1957 | D:3      | Reached skill level 1 in Hexes
  1957 | D:3      | Reached skill level 1 in Summonings
  1957 | D:3      | Reached skill level 1 in Necromancy
  1957 | D:3      | Reached skill level 1 in Translocations
  1957 | D:3      | Reached skill level 1 in Fire Magic
  1957 | D:3      | Reached skill level 1 in Ice Magic
  1957 | D:3      | Reached skill level 1 in Air Magic
  1957 | D:3      | Reached skill level 1 in Poison Magic
  2027 | D:3      | Found a blossoming altar of Fedhas.
  2091 | D:3      | Killed from afar by an orc priest

Illustrated notes

Levels and vault maps discovered:
D:1:      dpeg_arrival_lava_altar, layout_basic, serial_curves, eino_curves_01,
          eino_curves_02, eino_curves_02, minmay_vboxes
D:2:      layout_basic
D:3:      layout_basic, fedhas_altar_fruit_tree, led_sif_pool, serial_shops,
          shop, shop, nicolae_shop_tiny_glass, shop, minmay_misc_feat_room

Skill      XL: |  1  2  3  4 |
---------------+-------------+-----
Transmutations | 2 |  2.3
Spellcasting   | 5 |  5.1
Invocations    | 1 |  1.5
Fighting       | 1 |  1.3
Short Blades   | 1 |  1.3
Long Blades    | 1 |  1.3
Axes           | 1 |  1.3
Maces & Flails | 1 |  1.3
Polearms       | 1 |  1.3
Staves         | 1 |  1.3
Ranged Weapons | 1 |  1.3
Throwing       | 1 |  1.3
Armour         | 1 |  1.3
Shields        | 1 |  1.3
Unarmed Combat | 1 |  1.3
Evocations     | 1 |  1.3
Conjurations   | 1 |  1.1
Hexes          | 1 |  1.1
Summonings     | 1 |  1.1
Necromancy     | 1 |  1.1
Translocations | 1 |  1.1
Fire Magic     | 1 |  1.1
Ice Magic      | 1 |  1.1
Air Magic      | 1 |  1.1
Poison Magic   | 1 |  1.1
Dodging        | |  4.7
Stealth        | |  4.3
Earth Magic    | |  5.5

Action                     |  1- 3 |  4- 6 || total
---------------------------+-------+-------++-------
  Melee: Rapier            |     7 |       ||     7
   Cast: Sandblast         |    46 |    22 ||    68
 Armour: Robe              |     2 |     1 ||     3
  Dodge: Dodged            |    15 |     5 ||    20
